 Dungeon Crawl Stone Soup version 0.28.0-53-g5a82cb258f (webtiles) character file.

Game seed: 16595016921790924021

202 Kranky the Skirmisher (level 5, 0/41 HPs)
             Began as an Octopode Fighter on June 23, 2022.
             Slain by an orc
             ... wielding a +0 whip
              (5 damage)
             ... on level 3 of the Dungeon.
             The game lasted 00:03:19 (2502 turns).

Kranky the Skirmisher (Octopode Fighter)            Turns: 2502, Time: 00:03:19

Health: 0/41       AC:  1    Str: 15    XL:     5   Next: 80%
Magic:  5/5        EV: 13    Int: 10    God:
Gold:   94         SH:  5    Dex: 14    Spells: 4/4 levels left

rFire   . . .      SeeInvis .   a - +0 trident
rCold   . . .      Faith    .   b - +0 buckler
rNeg    . . .      Spirit   .   (helmet restricted)
rPois   .          Reflect  .   (no amulet)
rElec   .          Harm     .   (no ring)
rCorr   .          Rampage  .   (no ring)
Will    .....                   (no ring)
Stlth   +++.......              (no ring)
HPRegen 0.13/turn               (no ring)
MPRegen 0.09/turn               (no ring)
                                (no ring)
                                (no ring)

@: no status effects
A: almost no armour, amphibious, 8 rings, camouflage 1, gelatinous body 1,
(nimble swimmer 1), tentacles
a: no special abilities


You were on level 3 of the Dungeon.
You visited 1 branch of the dungeon, and saw 3 of its levels.

You collected 94 gold pieces.

Inventory:

Hand Weapons
 a - a +0 trident (weapon)
Armour
 b - a +0 buckler (worn)
Scrolls
 d - a scroll of noise {unknown}
 e - a scroll of enchant weapon {unknown}
 f - a scroll of identify {unknown}
 g - a scroll of enchant armour {unknown}
 h - a scroll of magic mapping {unknown}
 m - a scroll of fear {unknown}
Potions
 c - 4 potions of might
 i - 2 potions of resistance {unknown}
 j - 2 potions of haste {unknown}
 k - 2 potions of degeneration {unknown}
 l - 2 potions of attraction {unknown}


   Skills:
 + Level 5.8 Fighting
 - Level 2.0 Polearms
 - Level 3.0 Dodging
 - Level 3.0 Stealth
 - Level 3.0 Shields


You had 4 spell levels left.
You didn't know any spells.
Your spell library contained the following spells:

 Spells                   Type           Power      Damage    Failure   Level
 Animate Skeleton         Necr           0%         N/A       45%         1
 Pain                     Necr           0%         1d4       45%         1
 Vampiric Draining        Necr           0%         2d6       83%         3


Dungeon Overview and Level Annotations

Branches:
Dungeon (3/15)

Altars:
Nemelex Xobeh
Beogh


Innate Abilities, Weirdness & Mutations

You cannot wear most types of armour.
You are amphibious.
You can wear up to eight rings at the same time.
Your skin changes colour to match your surroundings (Stealth+).
Your rubbery body absorbs attacks. (AC +1, EV +1)
((You are camouflaged when in or above water. (Stealth+)))
You have tentacles for arms and can constrict up to eight enemies at once.


Message History

Brotato's ghost is lightly damaged.
You block Brotato's ghost's attack. Brotato's ghost barely misses you.
You barely miss Brotato's ghost.
Brotato's ghost is lightly damaged.
Brotato's ghost hits you.
You are too injured to fight recklessly!
You are too injured to fight recklessly!
You barely miss Brotato's ghost. Your squeeze misses Brotato's ghost.
Brotato's ghost is lightly damaged.
Brotato's ghost closely misses you.
You barely miss Brotato's ghost. Brotato's ghost misses you.
You hit Brotato's ghost but do no damage.
Brotato's ghost barely misses you. Brotato's ghost hits you.
You closely miss Brotato's ghost. Brotato's ghost hits you.
You closely miss Brotato's ghost.
The orc shouts!
Your squeeze misses Brotato's ghost. You block Brotato's ghost's attack.
You hit Brotato's ghost. Your squeeze misses Brotato's ghost.
Brotato's ghost is lightly damaged.
Brotato's ghost misses you.
You closely miss Brotato's ghost. Your squeeze misses Brotato's ghost.
Brotato's ghost is lightly damaged.
Brotato's ghost hits you. Brotato's ghost barely misses you.
You barely miss Brotato's ghost. You squeeze Brotato's ghost!
Brotato's ghost is heavily damaged.
Brotato's ghost barely misses you. You block the orc's attack.
You puncture Brotato's ghost! You squeeze Brotato's ghost!
You destroy Brotato's ghost!
The orc hits you with a +0 whip.
* * * LOW HITPOINT WARNING * * *
You hit the orc but do no damage. You grab the orc.
You constrict the orc, but do no damage.
The orc hits you with a +4 flail!
* * * LOW HITPOINT WARNING * * *
The orc closely misses you.
You hit the orc.
The orc is heavily wounded.
You constrict the orc, but do no damage.
The orc barely misses you. The orc hits you with a +0 whip.
You die...

#.#### #.#
#o#8#..8..#8#.# ..#
#.# #.###.....###.#
..# #.#
#....#####....# ..#
#.# #.............#
..#
#.########'oo#######
>###
#.##8.............8#
...#
#..................#
...#
####.######.########
...# #.......o@o.#
...# #<##..#######
...# #.##..# ####
#.#...# #.#.#.#
#.#.#.# #.....#
##### ###.### ....#
#.#


You could see 2 orcs.

Vanquished Creatures
  The ghost of Brotato the Magician, an amateur DjCj (D:3)
  Terence (D:2)
  4 adders (D:3)
  2 worms (D:2)
  2 dart slugs (D:1)
  8 orcs (D:3)
  2 bats
  2 endoplasms (D:1)
  A giant cockroach (D:1)
  4 goblins
  6 hobgoblins
  7 ball pythons
  2 frilled lizards
  4 kobolds
  A rat (D:3)
47 creatures vanquished.

Notes
Turn   | Place    | Note
-------+----------+-------------------------------------------
     0 | D:1      | Kranky the Octopode Fighter began the quest for the Orb.
     0 | D:1      | Reached XP level 1. HP: 16/16 MP: 1/1
   368 | D:1      | Reached skill level 1 in Stealth
   393 | D:1      | Reached XP level 2. HP: 21/21 MP: 2/2
  1160 | D:2      | Reached XP level 3. HP: 16/26 MP: 3/3
  1286 | D:2      | Noticed Terence
  1291 | D:2      | Killed Terence
  1292 | D:2      | Reached skill level 4 in Fighting
  1328 | D:2      | Reached XP level 4. HP: 33/33 MP: 4/4
  1756 | D:3      | Found a sparkling altar of Nemelex Xobeh.
  2142 | D:3      | Found a runed translucent gate.
  2143 | D:3      | Found a runed translucent gate.
  2146 | D:3      | Noticed Brotato's ghost (amateur DjCj)
  2402 | D:3      | Reached skill level 5 in Fighting
  2402 | D:3      | Reached XP level 5. HP: 38/39 MP: 5/5
  2453 | D:3      | Found a runed translucent gate.
  2500 | D:3      | Killed Brotato's ghost
  2502 | D:3      | Slain by an orc

Illustrated notes

Levels and vault maps discovered:
D:1:      dpeg_arrival_windows_large_door, layout_basic, minmay_misc_feat_tower,
          grunt_decor_cap
D:2:      layout_basic, uniq_terence
D:3:      layout_loops_cross, mainiacjoe_overflow_chevrons,
          biasface_ghost_orc_armoury

Skill      XL: |  1  2  3  4 |
---------------+-------------+-----
Stealth        | 1 2 3 |  3.0
Fighting       | 4 5 |  5.8
Polearms       | |  2.0
Dodging        | |  3.0
Shields        | |  3.0

Action                   |  1- 3 |  4- 6 || total
-------------------------+-------+-------++-------
Melee: Trident           |    43 |    71 ||   114
       Constrict         |     7 |    12 ||    19
       Tentacles         |     3 |     9 ||    12
       Punch             |       |     2 ||     2
 Stab: Sleeping          |    11 |     7 ||    18
Armor: Skin              |     1 |     2 ||     3
Dodge: Dodged            |     7 |    27 ||    34
Block: Buckler           |     4 |    11 ||    15
